 Dungeon Crawl Stone Soup version 0.18.1-48-g4cf74bf (console) character file.

143526 Kloppie the Warrior (level 16, -2/162 HPs)
             Began as a Red Draconian Berserker on Aug 17, 2016.
             Was a High Priest of Trog.
             Slain by an enormous slime creature (62 damage)
             ... on level 1 of the Depths.
             The game lasted 01:19:19 (37886 turns).

Kloppie the Warrior (Red Draconian Berserker)      Turns: 37886, Time: 01:19:20

Health: -2/162     AC: 23    Str: 20    XL:     16   Next: 83%
Magic:  16/16      EV: 23    Int: 10    God:    Trog [*****.]
Gold:   2098       SH:  5    Dex: 17    Spells: 0 memorised, 15 levels left

rFire  + + .     SeeInvis +     a - +5 halberd (venom)
rCold  . . .     Gourm    .     (armour unavailable)
rNeg   . . .     Faith    .     (shield currently unavailable)
rPois  .         Spirit   .     s - +3 crown of Dyrovepreva {rElec Int+2 SInv}
rElec  +         Dismiss  .     u - +2 cloak
rCorr  .         Reflect  +     f - +2 pair of gloves
SustAt .         Harm     .     r - +0 pair of boots
MR     ++++.                    G - +5 amulet of reflection
Stlth  +++.......               I - ring of protection from magic
                                e - +3 ring of protection

@: regenerating, incredibly resistant to hostile enchantments, fairly stealthy
A: breathe fire, unfitting armour, fire resistance 2, shaggy fur 1,
cold-blooded, AC +9
a: Breathe Fire, Berserk, Trog's Hand, Brothers in Arms, Burn Spellbooks,
Renounce Religion


You were on level 1 of the Depths.
You worshipped Trog.
Trog was extremely pleased with you.
You were hungry.

You visited 4 branches of the dungeon, and saw 26 of its levels.
You also visited: Labyrinth and Ice Cave.

You collected 3372 gold pieces.
You spent 1274 gold pieces at shops.

Inventory:

Hand Weapons
 a - a +5 halberd of venom (weapon)
 b - a +2 demon trident of electrocution
 g - the +3 longbow of the Beginning {freeze, rN+ Int+3}
   (Trog gifted it to you on level 5 of the Lair of Beasts)

   It causes projectiles fired from it to freeze those they strike, causing
   extra injury to most foes and up to half again as much damage against
   particularly susceptible opponents.
   They can also slow down cold-blooded creatures.
   It affects your intelligence (+3).
   It protects you from negative energy.
 h - a +5 glaive
 w - a +3 antimagic glaive
Missiles
 O - 269 arrows
Armour
 f - a +2 pair of gloves (worn)
 r - a +0 pair of boots (worn)
 s - the +3 crown of Dyrovepreva (worn) {rElec Int+2 SInv}
   (You bought it in a shop on level 2 of the Orcish Mines)

   It affects your intelligence (+2).
   It insulates you from electricity.
   It lets you see invisible.
 u - a +2 cloak (worn)
Rods
 V - a +6 rod of shadows (11/11)
   (You found it in a labyrinth)
Jewellery
 e - a +3 ring of protection (left hand)
 n - an uncursed ring of protection from cold
 v - an uncursed ring of fire
 G - a +5 amulet of reflection (around neck)
 I - a ring of protection from magic (right hand)
 R - an uncursed ring of positive energy
 U - the ring of Arrival {rCorr Str+4}
   (You found it in a labyrinth)

   [ring of resist corrosion]

   It affects your strength (+4).
Wands
 A - a wand of digging (18/24)
 B - a wand of teleportation (2/9)
Scrolls
 c - 7 scrolls of remove curse
 j - 3 scrolls of magic mapping
 p - a scroll of fog
 q - 6 scrolls of teleportation
 y - 7 scrolls of identify
 E - 2 scrolls of recharging
 F - 3 scrolls of enchant weapon
 L - a scroll of fear
 P - a scroll of holy word {unknown}
 Q - a scroll of enchant armour
Potions
 d - 7 potions of curing
 i - 3 potions of resistance
 o - a potion of flight
 t - 2 potions of cancellation
 x - 2 potions of might
 z - a potion of agility
 C - a potion of heal wounds
 D - 2 potions of cure mutation
 J - 2 potions of haste
 N - a potion of brilliance
Miscellaneous
 K - a disc of storms
 M - a phial of floods
 W - a stone of tremors
Comestibles
 k - 18 beef jerkies
 l - 3 meat rations
 m - 2 slices of pizza
 H - 14 bread rations


   Skills:
 - Level 20.0 Fighting
 + Level 16.6 Polearms
 + Level 14.6 Dodging
 - Level 5.1 Stealth


You had 15 spell levels left.
You didn't know any spells.

Dungeon Overview and Level Annotations

Branches:
Dungeon (15/15)            Temple (0/1) D:4            Lair (8/8) D:10
  Swamp (0/4) Lair:5       Spider (0/4) Lair:3        Slime (0/6) Lair:7
    Orc (2/2) D:11            Elf (0/3) Orc:2        Vaults (0/5) D:13
 Depths (1/5) D:15

Altars:
Dithmenos
Fedhas
Makhleb
Nemelex Xobeh
Okawaru
Pakellas
Qazlal
Ru
Trog
Vehumet
Yredelemnul
Zin
The Shining One
Beogh

Shops:
D:5 [*   D:10 :   Orc:2 [([(   Depths:1 *

Portals:
Abyss: Depths:1
Trove: D:12 (give +3 storm dragon armour)

Annotations:
Lair:2 exclusion: oklob plant


Innate Abilities, Weirdness & Mutations

You can breathe blasts of fire.
Your fiery red scales are hard (AC +9).
Your body does not fit into most forms of armour.
Your flesh is very heat resistant.
You are cold-blooded and may be slowed by cold attacks.
You are covered in fur (AC +1).


Message History

The very large slime creature is moderately wounded.
Two slime creatures merge to form an enormous slime creature.
You slice the enormous slime creature!!
You tail-slap the enormous slime creature.
The enormous slime creature is moderately wounded.
The enormous slime creature closely misses you.
You slash the enormous slime creature!
You tail-slap the enormous slime creature.
The enormous slime creature is moderately wounded.
The enormous slime creature hits you!
* * * LOW HITPOINT WARNING * * *
You puncture the enormous slime creature!
The enormous slime creature is moderately wounded.
The enormous slime creature misses you.
You hit the enormous slime creature.
The enormous slime creature is heavily wounded.
You puncture the enormous slime creature!
The enormous slime creature is heavily wounded.
The enormous slime creature hits you!!!
You die...

#.###.J.#≈§.§§≈≈## #.
#.#......≈≈§§....# #.
#.#.##...#≈≈≈≈≈#.###.
#.#.(........§.#.....
#.#..#.#.....#.###...
#.#..#.#.###.#.# #.∩.
#.#.........[..###...
#.##J#.#.###.....≈...
#.##@#.#. ..........
#.##.#... ##≈≈.§≈..
#.##.#.#.# ##≈<≈.≈≈§.
#.##.#....##§§)≈.≈§.≈
#.#..#..#..§.§)≈.≈§§.
#.#.....#..≈≈§≈§.§§§≈
#.#..#..#..≈≈≈§≈§§≈≈≈
#....#....(#§≈≈≈.≈≈≈≈
##.#..#..##.##≈§≈.≈§§§


You could see an enormous slime creature.

Vanquished Creatures
  Frances (D:12)
  Gastronok (Lair:2)
  A storm dragon (D:13)
  A frost giant (Depths:1)
  Maud (Orc:1)
  An iron dragon (D:13)
  2 fire giants
  2 orc warlords
  2 very ugly things (Depths:1)
  2 stone giants (Depths:1)
  4 ettins
  A minotaur (Lab)
  Snorg (Lair:4)
  Josephine (D:10)
  A yaktaur captain (D:15)
  The ghost of attakcplan the Cleaver, a journeyman HOFi of Cheibriados (Lair:1)
  A great orb of eyes (Depths:1)
  Fannar (D:12)
  6 hydras
  Erolcha (Orc:1)
  A catoblepas (Lair:8)
  3 ice dragons
  A spriggan air mage (Depths:1)
  Harold (D:10)
  3 ogre magi
  3 centaur warriors
  A tengu warrior (D:15)
  3 deep troll earth magi
  2 orc high priests (Orc:2)
  14 death yaks
  Nergalle (D:10)
  A fire crab (shapeshifter) (D:15)
  A giant orange brain (Depths:1)
  3 deep trolls (Depths:1)
  3 unseen horrors
  4 skeletal warriors
  5 hill giants
  3 orc knights
  A lindwurm (Lair:8)
  A wolf spider zombie (D:15)
  5 manticores
  2 orc sorcerers (Orc:2)
  6 ugly things
  3 cyclopes
  4 griffons
  A salamander (Depths:1)
  Joseph (D:7)
  Maurice (Orc:1)
  8 elephants
  2 ice statues (IceCv)
  10 spiny frogs
  5 black mambas
  A torpor snail (Lair:5)
  A gargoyle (D:15)
  4 rime drakes
  2 kobold demonologists (D:15)
  2 efreet (D:15)
  6 yaktaurs
  16 komodo dragons
  A freezing wraith (D:14)
  A harpy zombie (D:13)
  8 trolls
  13 polar bears
  6 two-headed ogres
  Prince Ribbit (D:6)
  8 blink frogs
  5 slime creatures
  3 raiju (Lair:8)
  A boulder beetle (Lair:5)
  3 air elementals (Depths:1)
  3 shadows
  57 yaks
  A redback (Lair:3)
  4 fire bats (Depths:1)
  A vampire (D:13)
  6 wraiths
  3 steam dragons
  2 basilisks
  9 hungry ghosts (Lab)
  5 wyverns
  12 hippogriffs
  A naga (shapeshifter) (D:13)
  7 wargs
  3 mottled dragons
  Duvessa (D:4)
  3 soldier ants
  2 swamp worms (Lair:5)
  24 water moccasins
  9 hell hounds
  43 orc warriors
  12 porcupines
  17 ice beasts
  2 sky beasts
  15 black bears
  2 wasps
  3 phantoms
  An eye of draining (D:13)
  26 ogres
  36 wolves
  12 centaurs
  19 crocodiles
  The ghost of HolyGrifer the Bolt Thrower, an amateur KoAM (D:3)
  21 giant frogs
  13 big kobolds
  A water moccasin zombie (D:5)
  Dowan (D:4)
  3 gnoll sergeants (D:11)
  3 scorpions
  A wyvern skeleton (D:13)
  16 killer bees
  4 electric eels
  5 howler monkeys
  3 giant frog zombies
  5 centaur zombies
  9 crimson imps
  25 hounds
  6 jellies
  31 orc priests
  Crazy Yiuf (D:7)
  14 iguanas
  7 centaur skeletons
  8 worker ants
  34 orc wizards
  21 sheep
  2 worker ant zombies
  A howler monkey zombie (D:6)
  Robin (D:4)
  4 gnolls
  14 adders
  61 river rats
  2 shadow imps
  An adder skeleton (D:5)
  9 worms
  4 dart slugs
  13 giant geckos
  105 orcs
  9 bats
  6 giant cockroaches
  13 goblins
  17 hobgoblins
  37 jackals
  23 kobolds
  4 quokkas
  2 giant newts
  4 rats
  2 plants (Lair:8)
1125 creatures vanquished.

Vanquished Creatures (collateral kills)
  2 wargs
  2 orc warriors (Orc:2)
  An ogre (Orc:1)
  An orc wizard (Orc:1)
  2 orcs (Orc:1)
8 creatures vanquished.

Vanquished Creatures (others)
  A stone giant (Depths:1)
  A yaktaur (Depths:1)
  A centaur (D:8)
  A wolf (Lair:8)
  An orc wizard (D:15)
  A river rat (Lair:3)
  An orc (Orc:2)
  2 kobolds (D:15)
  5 fungi
  12 plants
26 creatures vanquished.

Grand Total: 1159 creatures vanquished

Notes
Turn   | Place    | Note
--------------------------------------------------------------
     0 | D:1      | Kloppie the Draconian Berserker began the quest for the Orb.
     0 | D:1      | Reached XP level 1. HP: 19/19 MP: 1/1
   141 | D:1      | Reached XP level 2. HP: 15/26 MP: 2/2
   954 | D:1      | Reached XP level 3. HP: 33/33 MP: 3/3
   988 | D:2      | Reached skill level 4 in Fighting
  1078 | D:2      | Reached ** piety under Trog
  1087 | D:2      | Found a sacrificial altar of Ru.
  1126 | D:2      | Reached XP level 4. HP: 40/40 MP: 4/4
  1394 | D:2      | Found a faded altar to an unknown god.
  1786 | D:3      | Noticed HolyGrifer's ghost (amateur KoAM)
  1795 | D:3      | Killed HolyGrifer's ghost
  1795 | D:3      | Reached skill level 5 in Fighting
  1795 | D:3      | Reached XP level 5. HP: 48/48 MP: 5/5
  1854 | D:3      | Reached skill level 5 in Polearms
  1951 | D:3      | Reached *** piety under Trog
  2069 | D:3      | Found a stormy altar of Qazlal.
  2310 | D:3      | Found a glowing golden altar of the Shining One.
  2717 | D:4      | Noticed Dowan
  2722 | D:4      | Noticed Duvessa
  2739 | D:4      | Killed Duvessa
  2739 | D:4      | Reached XP level 6. HP: 20/57 MP: 6/6
  2769 | D:4      | Killed Dowan
  2769 | D:4      | Reached skill level 6 in Fighting
  3097 | D:4      | Noticed Robin
  3126 | D:4      | Killed Robin
  3400 | D:4      | Found a basalt altar of Yredelemnul.
  3428 | D:4      | Your scales start taking on a fiery red colour.
  3428 | D:4      | Reached XP level 7. HP: 46/64 MP: 7/7
  3428 | D:4      | Gained mutation: Your flesh is heat resistant. [Red Draconian growth]
  3649 | D:4      | Found a shadowy altar of Dithmenos.
  3666 | D:4      | Found a staircase to the Ecumenical Temple.
  3730 | D:4      | Found a sparkling altar of Nemelex Xobeh.
  3908 | D:4      | Found a bloodstained altar of Trog.
  4078 | D:5      | Entered Level 5 of the Dungeon
  4099 | D:5      | Reached skill level 7 in Fighting
  4259 | D:5      | Found Zin's Purification Station.
  4259 | D:5      | Found a glowing silver altar of Zin.
  4376 | D:5      | Found Egyips's Antique Armour Shoppe.
  4384 | D:5      | Bought a pair of runed gloves for 112 gold pieces
  4868 | D:5      | Found an oddly glowing altar of Pakellas.
  5260 | D:5      | Reached XP level 8. HP: 66/74 MP: 8/8
  5292 | D:5      | Reached **** piety under Trog
  5322 | D:5      | Reached skill level 8 in Fighting
  5916 | D:6      | Got a crystal battleaxe {flame}
  5949 | D:6      | Identified the +10 battleaxe "Wubemif" {flame, +Fly Int+4 Dex+4} (You took it off an orc warrior on level 6 of the Dungeon)
  6030 | D:6      | Found an iron altar of Okawaru.
  6048 | D:6      | Reached XP level 9. HP: 73/82 MP: 9/9
  6085 | D:6      | Found a blossoming altar of Fedhas.
  6354 | D:6      | Reached skill level 5 in Dodging
  6585 | D:7      | Noticed Joseph
  6599 | D:7      | Noticed Prince Ribbit
  6909 | D:7      | HP: 1/82 [Joseph/sling bullet (17)]
  6914 | D:7      | HP: 4/82 [Joseph/uncursed quarterstaff (20)]
  6935 | D:7      | Killed Joseph
  7190 | D:7      | Received a gift from Trog
  7618 | D:6      | Killed Prince Ribbit
  7921 | D:7      | Noticed Crazy Yiuf
  7925 | D:7      | Killed Crazy Yiuf
  7925 | D:7      | Reached skill level 10 in Polearms
  8241 | D:7      | Found a radiant altar of Vehumet.
  8242 | D:7      | Found a burning altar of Makhleb.
  8573 | D:8      | Reached XP level 10. HP: 74/89 MP: 10/10
 10489 | D:9      | Noticed a lindwurm
 10495 | D:9      | Noticed a lindwurm
 10528 | D:9      | Noticed a lindwurm
 10536 | D:9      | Noticed a lindwurm
 10742 | D:10     | Entered Level 10 of the Dungeon
 11404 | D:10     | Noticed a hill giant
 11405 | D:10     | Noticed Harold
 11423 | D:9      | Killed a hill giant
 11531 | D:10     | Killed Harold
 11531 | D:10     | Reached XP level 11. HP: 95/95 MP: 11/11
 11648 | D:10     | Reached ***** piety under Trog
 11660 | D:10     | Noticed Nergalle
 11730 | D:10     | Killed Nergalle
 11789 | D:10     | Gained mutation: Your mind is acute. (Int +2) [potion of mutation]
 11789 | D:10     | Gained mutation: Your body sometimes deteriorates upon taking damage. [potion of mutation]
 11789 | D:10     | Gained mutation: You possess an exceptional clarity of mind. [potion of mutation]
 11790 | D:10     | Lost mutation: You possess an exceptional clarity of mind. [potion of cure mutation]
 11790 | D:10     | Lost mutation: Your mind is acute. (Int +2) [potion of cure mutation]
 11790 | D:10     | Lost mutation: Your body sometimes deteriorates upon taking damage. [potion of cure mutation]
 11791 | D:10     | Gained mutation: You are covered in fur (AC +1). [potion of beneficial mutation]
 11894 | D:10     | Found a staircase to the Lair.
 11897 | D:10     | Noticed Josephine
 11961 | D:10     | Reached skill level 10 in Dodging
 12028 | D:10     | Killed Josephine
 12189 | D:10     | Found Zorphirua's Book Boutique.
 12193 | D:10     | Noticed a hill giant
 12208 | D:10     | Killed a hill giant
 12565 | Lair:1   | Entered Level 1 of the Lair of Beasts
 12632 | Lair:1   | Noticed a seven-headed hydra
 12650 | Lair:1   | Killed a seven-headed hydra
 12683 | Lair:1   | Noticed attakcplan's ghost (journeyman HOFi)
 12828 | Lair:1   | Killed attakcplan's ghost
 14126 | Lair:1   | Reached skill level 9 in Fighting
 14144 | Lair:1   | Reached XP level 12. HP: 89/104 MP: 12/12
 14597 | Lair:2   | Noticed Gastronok
 14725 | Lair:2   | Killed Gastronok
 14725 | Lair:2   | Reached skill level 10 in Fighting
 14954 | Lair:2   | Reached skill level 1 in Stealth
 15428 | Lair:3   | Noticed a four-headed hydra
 15440 | Lair:3   | Killed a four-headed hydra
 15442 | Lair:3   | Found a hole to the Spider Nest.
 15925 | Lair:3   | Reached skill level 11 in Fighting
 17053 | Lair:3   | Reached skill level 5 in Stealth
 17655 | Lair:4   | Received a gift from Trog
 17735 | Lair:4   | Reached ****** piety under Trog
 18118 | Lair:4   | Noticed Snorg
 18132 | Lair:4   | Killed Snorg
 18135 | Lair:4   | Reached skill level 12 in Fighting
 18135 | Lair:4   | Reached XP level 13. HP: 118/118 MP: 13/13
 18987 | Lair:5   | Received a gift from Trog
 19012 | Lair:5   | Got a scorched longbow {god gift}
 19013 | Lair:5   | Identified the +3 longbow of the Beginning {freeze, rN+ Int+3} (Trog gifted it to you on level 5 of the Lair of Beasts)
 20234 | Lair:5   | Reached skill level 15 in Polearms
 20485 | Lair:5   | Reached skill level 13 in Fighting
 20606 | Lair:5   | Found a staircase to the Swamp.
 22386 | Lair:6   | Received a gift from Trog
 23018 | Lair:7   | Reached skill level 14 in Fighting
 23111 | Lair:7   | Found a frozen archway.
 23170 | Lair:7   | Reached XP level 14. HP: 104/132 MP: 14/14
 23238 | IceCv    | Entered an ice cave
 25127 | Lair:7   | Found a staircase to the Slime Pits.
 25487 | D:10     | Received a gift from Trog
 25520 | D:11     | Reached skill level 15 in Fighting
 25822 | D:11     | Found a staircase to the Orcish Mines.
 26603 | Orc:1    | Entered Level 1 of the Orcish Mines
 26777 | Orc:1    | Noticed Maud
 26785 | Orc:1    | Killed Maud
 26791 | Orc:1    | Gained mutation: Your flesh is very heat resistant. [potion of beneficial mutation]
 27029 | Orc:2    | Entered Level 2 of the Orcish Mines
 27037 | Orc:1    | Noticed Erolcha
 27048 | Orc:1    | Received a gift from Trog
 27075 | Orc:1    | Killed Erolcha
 27417 | Orc:1    | Noticed Maurice
 27440 | Orc:1    | Killed Maurice
 27717 | Orc:2    | Found a roughly hewn altar of Beogh.
 27852 | Orc:2    | Found a staircase to the Elven Halls.
 27931 | Orc:2    | Found a roughly hewn altar of Beogh.
 27934 | Orc:2    | Found Ifatan's Antique Weapon Emporium.
 28051 | Orc:2    | Noticed an orc warlord
 28078 | Orc:2    | Killed an orc warlord
 28427 | Orc:2    | Noticed an orc warlord
 28627 | Orc:1    | Killed an orc warlord
 29078 | Orc:2    | Received a gift from Trog
 29081 | Orc:2    | Reached XP level 15. HP: 73/141 MP: 15/15
 29219 | Orc:2    | Found Ureorauk's Antique Armour Shoppe.
 29220 | Orc:2    | Found a roughly hewn altar of Beogh.
 29221 | Orc:2    | Found Sutine's Antique Weapon Emporium.
 29228 | Orc:2    | Bought a pair of boots for 81 gold pieces
 29228 | Orc:2    | Bought the +3 crown of Dyrovepreva {rElec Int+2 SInv} for 745 gold pieces
 29228 | Orc:2    | Bought an embroidered cloak for 81 gold pieces
 29328 | Orc:2    | Found a roughly hewn altar of Beogh.
 29328 | Orc:2    | Found Jebou's Armour Shoppe.
 29366 | Orc:2    | Bought a +2 shield for 231 gold pieces
 29472 | D:12     | Found a sacrificial altar of Ru.
 29543 | D:12     | Noticed Frances
 29562 | D:12     | Killed Frances
 29902 | D:12     | Noticed Fannar
 29915 | D:12     | Killed Fannar
 30018 | D:12     | Found a portal to a secret trove of treasure.
 30251 | D:13     | Received a gift from Trog
 30404 | D:13     | Noticed an iron dragon
 30404 | D:13     | Noticed a fire giant
 30420 | D:13     | Killed a fire giant
 30420 | D:13     | Reached skill level 16 in Fighting
 30439 | D:13     | Killed an iron dragon
 31083 | D:13     | Received a gift from Trog
 31176 | D:13     | Found a runed door.
 31179 | D:13     | Noticed a storm dragon
 31188 | D:13     | Reached skill level 17 in Fighting
 31201 | D:13     | Killed a storm dragon
 31230 | D:13     | Got a steaming glaive
 31231 | D:13     | Identified the +2 glaive "Roucol Pynu" {chop, SInv} (You found it on level 13 of the Dungeon)
 31436 | D:13     | Found a gate to the Vaults.
 31699 | D:14     | Found a labyrinth entrance.
 31705 | D:14     | Received a gift from Trog
 31712 | Lab      | Entered a labyrinth
 32146 | Lab      | Got a crude silver amulet
 32326 | Lab      | Got a faintly glowing ivory ring
 32332 | D:14     | Identified the amulet "Fink" {Gourm *Drain Str+2 SInv} (You took it off a minotaur in a labyrinth)
 32333 | D:14     | Identified the ring of Arrival {rCorr Str+4} (You found it in a labyrinth)
 33178 | Lair:1   | Identified a +6 rod of shadows (11/11) (You found it in a labyrinth)
 33179 | Lair:1   | Identified a +1 rod of shadows (12/12) (You took it off a minotaur in a labyrinth)
 33307 | Lair:8   | Entered Level 8 of the Lair of Beasts
 33473 | Lair:8   | Reached skill level 18 in Fighting
 33669 | Lair:8   | Reached XP level 16. HP: 88/159 MP: 16/16
 34146 | Lair:8   | Received a gift from Trog
 34617 | Lair:8   | Reached skill level 19 in Fighting
 35102 | D:15     | Entered Level 15 of the Dungeon
 35282 | D:15     | Received a gift from Trog
 35935 | D:15     | Found a sacrificial altar of Ru.
 36093 | D:15     | Found a staircase to the Depths.
 36258 | Depths:1 | Entered Level 1 of the Depths
 36258 | Depths:1 | Found a one-way gate to the infinite horrors of the Abyss.
 36288 | Depths:1 | Reached skill level 20 in Fighting
 37215 | Depths:1 | Found Cuhyfarch's Assorted Antiques.
 37221 | Depths:1 | Bought a scroll labeled XUNEPNUEGH for 24 gold pieces
 37886 | Depths:1 | Slain by an enormous slime creature

Skill      XL: |  1  2  3  4  5  6  7  8  9 10 11 12 13 14 15 16 |
---------------+-------------------------------------------------+-----
Fighting       | 4 5 6 7 8 9 12 14 15 18 20 | 20.0
Polearms       | 4 5 6 7 8 10 12 13 14 16 | 16.6
Dodging        | 4 7 9 11 13 14 | 14.6
Stealth        | 5 |  5.1

Action                   |  1- 3 |  4- 6 |  7- 9 | 10-12 | 13-15 | 16-18 || total
-------------------------+-------+-------+-------+-------+-------+-------++-------
Melee: Spear             |   114 |   258 |       |       |       |       ||   372
       Tailslap          |    13 |    34 |    86 |   289 |   370 |   118 ||   910
       Trident           |       |    43 |   574 |  1505 |    18 |       ||  2140
       Halberd           |       |       |       |   141 |  1102 |   117 ||  1360
       Demon trident     |       |       |       |       |  1117 |   573 ||  1690
Invok: Berserk           |     2 |     3 |     6 |    14 |    14 |     1 ||    40
       Trog's Hand       |     1 |     4 |     7 |     9 |    14 |     3 ||    38
       Brothers in Arms  |       |       |       |       |     2 |     1 ||     3
 Abil: Breathe Fire      |       |       |     2 |       |     1 |       ||     3
Evoke: Wand              |       |       |       |       |     1 |       ||     1
  Use: Scroll            |       |     4 |     8 |    12 |    19 |     3 ||    46
       Potion            |       |     1 |     6 |     3 |     1 |       ||    11
 Stab: Sleeping          |       |     1 |     2 |    10 |    39 |     3 ||    55
       Distracted        |       |       |       |     2 |     6 |     3 ||    11
  Eat: Chunk             |     2 |    11 |    16 |    25 |    45 |    10 ||   109
       Meat ration       |       |       |     2 |     2 |     5 |     1 ||    10
       Royal jelly       |       |       |       |     4 |       |       ||     4
       Beef jerky        |       |       |       |     3 |     1 |       ||     4
       Bread ration      |       |       |       |       |     1 |       ||     1
Armor: Skin              |    31 |    75 |   180 |   273 |   410 |   128 ||  1097
Dodge: Dodged            |    59 |   142 |   316 |   959 |  1258 |   501 ||  3235
Block: Other             |       |     9 |    71 |   253 |   327 |   127 ||   787
       Reflection        |       |       |     3 |     5 |     6 |    10 ||    24
